Penguins vs Sabres

Created - April 28 2011 at 17:24

Goals
1 2 3 T
Penguins 0 2 1 3
Sabres 0 0 1 1
Shots
1 2 3 T
Penguins 8 11 13 32
Sabres 0 0 14 14

Period #1

No Goal

Penalties :
Chris Phillips (BUF) for Slashing (Minor) at 0:39, Ryan Kesler (BUF) for Hooking (Minor) at 14:45, Johan Franzen (BUF) for Hooking (Minor) at 18:03

Period #2

1. Penguins , Stephane Robidas 2 (Daniel Sedin, Sami Salo) at 2:38 (PP)
2. Penguins , Daniel Sedin 3 (Jason Pominville, Scott Gomez) at 18:38 (PP)

Penalties :
Tuomo Ruutu (BUF) for Interference (Minor) at 1:22, Bobby Ryan (PIT) for High sticking (Minor) at 5:13, Jeff Schultz (BUF) for Tripping (Minor) at 16:44

Period #3

3. Sabres , Teemu Selanne 3 (Tuomo Ruutu) at 1:36 (PP)
4. Penguins , Daniel Sedin 4 (Daniel Winnik) at 19:36 (Empty Net)

Penalties :
T.J. Galiardi (PIT) for Interference (Minor) at 1:21, Ryan Kesler (BUF) for Fighting (Major) at 1:34, Stephane Robidas (PIT) for Fighting (Major) at 1:34, Stephane Robidas (PIT) for Holding (Minor) at 8:01, Luke Schenn (BUF) for Roughing (Minor) at 14:49

Goalie Stats

Marc-Andre Fleury (PIT), 13 saves from 14 shots - (0.929), W, 6-2-0, 60:00 minutes
Evgeni Nabokov (BUF), 29 saves from 31 shots - (0.935), L, 4-5-0, 59:25 minutes

Players Stats

Penguins
Player Name              G  A  P  +/- PIM S  H  SB FO    MP 
------------------------------------------------------------
Blair Betts              0  0  0   0  0   0  1  0  4/9   11 
Bobby Ryan               0  0  0   0  2   2  2  0  1/1   19 
Brad Richards            0  0  0   0  0   5  0  0  5/12  19 
Brooks Orpik             0  0  0   0  0   0  0  4  0/0   16 
Christoph Schubert       0  0  0   0  0   0  0  0  0/0   0  
Dan Girardi              0  0  0   0  0   3  2  0  0/0   18 
Daniel Sedin             2  1  3   1  0   8  3  0  1/3   20 
Daniel Winnik            0  1  1   1  0   0  0  0  1/1   14 
Henrik Sedin             0  0  0   0  0   5  0  0  18/23 19 
Jason Pominville         0  1  1   0  0   0  2  0  1/1   16 
John-Michael Liles       0  0  0   0  0   1  0  0  0/0   19 
Matt Moulson             0  0  0   1  0   0  0  0  0/1   10 
Nicklas Lidstrom         0  0  0   1  0   0  0  0  0/0   24 
Pavel Datsyuk            0  0  0   0  0   3  0  0  3/5   21 
Sami Salo                0  1  1   0  0   1  0  1  0/0   17 
Scott Gomez              0  1  1   0  0   2  1  0  10/17 18 
Stephane Robidas         1  0  1   1  7   2  1  0  0/0   22 
T.J. Galiardi            0  0  0   0  2   0  2  0  0/0   12 
Sabres
Player Name              G  A  P  +/- PIM S  H  SB FO    MP 
------------------------------------------------------------
Brian Gionta             0  0  0   0  0   0  0  0  2/2   14 
Chris Phillips           0  0  0  -1  2   1  1  0  0/0   20 
David Legwand            0  0  0  -1  0   0  1  0  4/15  19 
Devin Setoguchi          0  0  0   0  0   0  0  0  0/0   2  
Eric Fehr                0  0  0   0  0   0  0  0  1/3   12 
James Neal               0  0  0  -1  0   1  3  0  1/6   16 
Jeff Schultz             0  0  0   0  2   3  2  3  0/0   16 
Johan Franzen            0  0  0   0  2   1  2  0  0/0   10 
Kyle Quincey             0  0  0  -1  0   0  3  1  0/0   23 
Luke Schenn              0  0  0   0  2   0  3  2  0/0   16 
Mike Richards            0  0  0   0  0   1  2  1  9/20  23 
Ryan Kesler              0  0  0   0  7   2  2  0  7/18  21 
Teemu Selanne            1  0  1  -1  0   4  0  0  2/5   20 
Trevor Daley             0  0  0   0  0   1  0  0  0/0   14 
Troy Brouwer             0  0  0   0  0   0  3  0  0/1   16 
Tuomo Ruutu              0  1  1   0  2   0  2  0  3/3   18 
Tyler Myers              0  0  0   0  0   0  1  3  0/0   23 
Victor Hedman            0  0  0   0  0   0  0  0  0/0   5  

3 Stars

1 - Daniel Sedin (PIT)
2 - Evgeni Nabokov (BUF)
3 - Marc-Andre Fleury (PIT)

Power Play

Penguins - 2 on 6 Attempt(s) - 33.33%
Sabres - 1 on 3 Attempt(s) - 33.33%

Penalty Kill

Penguins - 2 on 3 Attempt(s) - 66.67% - Score 0 goal in Penalty Kill
Sabres - 4 on 6 Attempt(s) - 66.67% - Score 0 goal in Penalty Kill

Game Notes

Ryan Kesler and Stephane Robidas fight to a draw at 1:34 of 3rd period
Daniel Sedin has scored in a empty net!

Finance

Level 1 -- Attendance: 6500 (100.00%) -- Ticket Income $630,500.00
Level 2 -- Attendance: 4972 (99.44%) -- Ticket Income $288,376.00
Level 3 -- Attendance: 3500 (100.00%) -- Ticket Income $129,500.00
Level 4 -- Attendance: 2553 (94.91%) -- Ticket Income $56,166.00
Luxury Box -- Attendance: 961 (96.10%) -- Ticket Income $208,537.00
Game was played at the HSBC Arena
Total Attendance: 18486 (98.91%)
Total Ticket Income: $1,315,822.00
Other Income: $394,746.56
Total Income: $1,710,569.00


Play by Play

Period #1

0:01 of 1st period - Ryan Kesler wins face-off versus Brad Richards in neutral zone.
0:20 of 1st period - Daniel Sedin is hit by Kyle Quincey.
0:39 of 1st period - Minor Penalty to Chris Phillips for Slashing.
0:40 of 1st period - David Legwand wins face-off versus Henrik Sedin in Sabres zone.
0:53 of 1st period - Shot by Bobby Ryan.
0:53 of 1st period - Shot Misses the Net.
1:56 of 1st period - Icing by Daniel Sedin.
1:57 of 1st period - Mike Richards wins face-off versus Scott Gomez in Penguins zone.
2:21 of 1st period - Off-side.
2:22 of 1st period - David Legwand wins face-off versus Henrik Sedin in neutral zone.
2:31 of 1st period - Shot by John-Michael Liles.
2:31 of 1st period - Stopped by Evgeni Nabokov without a rebound.
2:32 of 1st period - David Legwand wins face-off versus Henrik Sedin in Sabres zone.
3:00 of 1st period - Matt Moulson is hit by Luke Schenn and loses puck.
3:35 of 1st period - Stephane Robidas is hit by Kyle Quincey.
3:48 of 1st period - Off-side.
3:49 of 1st period - Henrik Sedin wins face-off versus David Legwand in neutral zone.
4:14 of 1st period - Shot by Henrik Sedin.
4:14 of 1st period - Shot Blocked by Tyler Myers.
4:16 of 1st period - Shot by Dan Girardi.
4:16 of 1st period - Stopped by Evgeni Nabokov without a rebound.
4:17 of 1st period - Ryan Kesler wins face-off versus Daniel Sedin in Sabres zone.
5:15 of 1st period - Shot by Scott Gomez.
5:15 of 1st period - Stopped by Evgeni Nabokov without a rebound.
5:16 of 1st period - Henrik Sedin wins face-off versus James Neal in Sabres zone.
5:16 of 1st period - John-Michael Liles is hit by Luke Schenn and loses puck.
5:35 of 1st period - Icing by Dan Girardi.
5:36 of 1st period - Henrik Sedin wins face-off versus Mike Richards in Penguins zone.
5:46 of 1st period - Shot by Henrik Sedin.
5:46 of 1st period - Shot Misses the Net.
5:48 of 1st period - Shot by Henrik Sedin.
5:48 of 1st period - Shot Misses the Net.
6:29 of 1st period - Icing by Daniel Sedin.
6:30 of 1st period - Ryan Kesler wins face-off versus Brad Richards in Penguins zone.
6:30 of 1st period - Kyle Quincey is hit by Stephane Robidas and loses puck.
10:40 of 1st period - Shot by Scott Gomez.
10:40 of 1st period - Deflect By Matt Moulson.
10:40 of 1st period - Shot Blocked by Jeff Schultz.
11:09 of 1st period - Icing by Daniel Sedin.
11:10 of 1st period - Mike Richards wins face-off versus Brad Richards in Penguins zone.
11:21 of 1st period - James Neal is hit by Daniel Sedin and loses puck.
11:31 of 1st period - Icing by Stephane Robidas.
11:32 of 1st period - Brad Richards wins face-off versus Ryan Kesler in Penguins zone.
11:37 of 1st period - Kyle Quincey is hit by Daniel Sedin and loses puck.
11:45 of 1st period - Icing by Nicklas Lidstrom.
11:46 of 1st period - Brad Richards wins face-off versus Teemu Selanne in Penguins zone.
11:46 of 1st period - Brad Richards is hit by Tuomo Ruutu.
12:07 of 1st period - Bobby Ryan is hit by Chris Phillips and loses puck.
12:10 of 1st period - Shot by Pavel Datsyuk.
12:10 of 1st period - Stopped by Evgeni Nabokov with a rebound.
12:12 of 1st period - Shot by John-Michael Liles.
12:12 of 1st period - Shot Blocked by Kyle Quincey.
12:26 of 1st period - Shot by Bobby Ryan.
12:26 of 1st period - Shot Misses the Net.
12:28 of 1st period - Shot by Henrik Sedin.
12:28 of 1st period - Shot Misses the Net.
12:30 of 1st period - Shot by Dan Girardi.
12:30 of 1st period - Stopped by Evgeni Nabokov without a rebound.
12:31 of 1st period - Eric Fehr wins face-off versus Matt Moulson in Sabres zone.
12:43 of 1st period - Icing by Sami Salo.
12:44 of 1st period - Scott Gomez wins face-off versus David Legwand in Penguins zone.
12:44 of 1st period - Bobby Ryan is hit by Troy Brouwer and loses puck.
13:34 of 1st period - Shot by Mike Richards.
13:34 of 1st period - Shot Misses the Net.
14:45 of 1st period - Minor Penalty to Ryan Kesler for Hooking.
14:46 of 1st period - Henrik Sedin wins face-off versus David Legwand in Sabres zone.
14:46 of 1st period - Henrik Sedin is hit by Tyler Myers.
14:52 of 1st period - Shot by Daniel Sedin.
14:52 of 1st period - Stopped by Evgeni Nabokov without a rebound.
14:53 of 1st period - Brian Gionta wins face-off versus Scott Gomez in Sabres zone.
14:53 of 1st period - Chris Phillips is hit by Scott Gomez and loses puck.
15:20 of 1st period - Icing by Daniel Sedin.
15:21 of 1st period - Scott Gomez wins face-off versus Mike Richards in Penguins zone.
15:48 of 1st period - Shot by Henrik Sedin.
15:48 of 1st period - Stopped by Evgeni Nabokov with a rebound.
16:57 of 1st period - Shot by Mike Richards.
16:57 of 1st period - Shot Misses the Net.
17:00 of 1st period - Icing by Stephane Robidas.
17:01 of 1st period - Blair Betts wins face-off versus Ryan Kesler in Penguins zone.
18:03 of 1st period - Minor Penalty to Johan Franzen for Hooking.
18:04 of 1st period - David Legwand wins face-off versus Daniel Sedin in Sabres zone.
18:25 of 1st period - Shot by Jason Pominville.
18:25 of 1st period - Shot Blocked by Jeff Schultz.
18:27 of 1st period - Shot by Daniel Sedin.
18:27 of 1st period - Stopped by Evgeni Nabokov without a rebound.
18:28 of 1st period - Henrik Sedin wins face-off versus David Legwand in Sabres zone.
18:53 of 1st period - Nicklas Lidstrom is hit by Mike Richards and loses puck.
18:57 of 1st period - Brooks Orpik is hit by Mike Richards and loses puck.
19:18 of 1st period - Shot by Jason Pominville.
19:18 of 1st period - Shot Misses the Net.
19:36 of 1st period - Jason Pominville is hit by David Legwand.
19:48 of 1st period - David Legwand is hit by Bobby Ryan and loses puck.

Period #2

0:01 of 2nd period - Henrik Sedin wins face-off versus Mike Richards in neutral zone.
0:01 of 2nd period - Henrik Sedin is hit by Ryan Kesler.
0:20 of 2nd period - Icing by David Legwand.
0:21 of 2nd period - Brad Richards wins face-off versus Troy Brouwer in Sabres zone.
0:38 of 2nd period - Luke Schenn is hit by Jason Pominville and loses puck.
1:16 of 2nd period - Ryan Kesler is hit by Dan Girardi and loses puck.
1:22 of 2nd period - Minor Penalty to Tuomo Ruutu for Interference.
1:23 of 2nd period - Mike Richards wins face-off versus Henrik Sedin in Sabres zone.
2:26 of 2nd period - Shot by Scott Gomez.
2:26 of 2nd period - Stopped by Evgeni Nabokov without a rebound.
2:27 of 2nd period - Scott Gomez wins face-off versus David Legwand in Sabres zone.
2:28 of 2nd period - Shot by Sami Salo.
2:28 of 2nd period - Stopped by Evgeni Nabokov without a rebound.
2:29 of 2nd period - Scott Gomez wins face-off versus David Legwand in Sabres zone.
2:32 of 2nd period - Shot by Scott Gomez.
2:32 of 2nd period - Shot Misses the Net.
2:34 of 2nd period - Shot by Sami Salo.
2:34 of 2nd period - Shot Misses the Net.
2:36 of 2nd period - Shot by Daniel Sedin.
2:36 of 2nd period - Shot Misses the Net.
2:38 of 2nd period - Shot by Stephane Robidas.
2:38 of 2nd period - Goal by Stephane Robidas - Penguins : 1 - Sabres : 0.
2:39 of 2nd period - Henrik Sedin wins face-off versus Mike Richards in neutral zone.
3:08 of 2nd period - Shot by Pavel Datsyuk.
3:08 of 2nd period - Stopped by Evgeni Nabokov without a rebound.
3:09 of 2nd period - Blair Betts wins face-off versus Ryan Kesler in Sabres zone.
4:32 of 2nd period - Off-side.
4:33 of 2nd period - Scott Gomez wins face-off versus James Neal in neutral zone.
4:40 of 2nd period - Shot by Pavel Datsyuk.
4:40 of 2nd period - Stopped by Evgeni Nabokov without a rebound.
4:41 of 2nd period - Henrik Sedin wins face-off versus Eric Fehr in Sabres zone.
4:41 of 2nd period - Pavel Datsyuk is hit by Luke Schenn.
5:13 of 2nd period - Minor Penalty to Bobby Ryan for High sticking.
5:14 of 2nd period - James Neal wins face-off versus Scott Gomez in Penguins zone.
5:34 of 2nd period - Icing by Tyler Myers.
5:35 of 2nd period - Ryan Kesler wins face-off versus Pavel Datsyuk in Sabres zone.
6:12 of 2nd period - Icing by Tuomo Ruutu.
6:13 of 2nd period - Scott Gomez wins face-off versus Mike Richards in Sabres zone.
7:38 of 2nd period - Shot by Henrik Sedin.
7:38 of 2nd period - Shot Misses the Net.
8:48 of 2nd period - T.J. Galiardi is hit by Troy Brouwer and loses puck.
8:57 of 2nd period - Tyler Myers is hit by T.J. Galiardi.
9:02 of 2nd period - Icing by Stephane Robidas.
9:03 of 2nd period - Ryan Kesler wins face-off versus Blair Betts in Penguins zone.
9:59 of 2nd period - Icing by Kyle Quincey.
10:00 of 2nd period - Henrik Sedin wins face-off versus Ryan Kesler in Sabres zone.
10:07 of 2nd period - Shot by Bobby Ryan.
10:07 of 2nd period - Stopped by Evgeni Nabokov without a rebound.
10:08 of 2nd period - Mike Richards wins face-off versus Blair Betts in Sabres zone.
10:08 of 2nd period - Mike Richards is hit by T.J. Galiardi.
11:13 of 2nd period - Trevor Daley is hit by Dan Girardi and loses puck.
11:58 of 2nd period - James Neal is hit by Daniel Sedin and loses puck.
14:06 of 2nd period - Shot by Scott Gomez.
14:06 of 2nd period - Shot Misses the Net.
14:10 of 2nd period - Shot by Bobby Ryan.
14:10 of 2nd period - Shot Misses the Net.
15:31 of 2nd period - Shot by Henrik Sedin.
15:31 of 2nd period - Shot Blocked by Luke Schenn.
15:33 of 2nd period - Shot by Daniel Sedin.
15:33 of 2nd period - Shot Misses the Net.
15:37 of 2nd period - Shot by Henrik Sedin.
15:37 of 2nd period - Shot Blocked by Luke Schenn.
16:19 of 2nd period - Shot by Matt Moulson.
16:19 of 2nd period - Deflect By Brad Richards.
16:19 of 2nd period - Stopped by Evgeni Nabokov with a rebound.
16:21 of 2nd period - Shot by Dan Girardi.
16:21 of 2nd period - Stopped by Evgeni Nabokov without a rebound.
16:22 of 2nd period - Blair Betts wins face-off versus David Legwand in Sabres zone.
16:22 of 2nd period - Blair Betts is hit by Jeff Schultz.
16:35 of 2nd period - Icing by Jeff Schultz.
16:36 of 2nd period - Scott Gomez wins face-off versus David Legwand in Sabres zone.
16:40 of 2nd period - Pavel Datsyuk is hit by Jeff Schultz and loses puck.
16:43 of 2nd period - Shot by Pavel Datsyuk.
16:43 of 2nd period - Shot Blocked by Jeff Schultz.
16:44 of 2nd period - Minor Penalty to Jeff Schultz for Tripping.
16:45 of 2nd period - Bobby Ryan wins face-off versus Mike Richards in Sabres zone.
16:52 of 2nd period - Shot by Nicklas Lidstrom.
16:52 of 2nd period - Shot Blocked by Mike Richards.
16:54 of 2nd period - Shot by Nicklas Lidstrom.
16:54 of 2nd period - Shot Misses the Net.
16:56 of 2nd period - Shot by Henrik Sedin.
16:56 of 2nd period - Stopped by Evgeni Nabokov with a rebound.
18:14 of 2nd period - Shot by John-Michael Liles.
18:14 of 2nd period - Shot Misses the Net.
18:22 of 2nd period - Shot by Henrik Sedin.
18:22 of 2nd period - Stopped by Evgeni Nabokov without a rebound.
18:23 of 2nd period - Jason Pominville wins face-off versus James Neal in Sabres zone.
18:38 of 2nd period - Shot by Jason Pominville.
18:38 of 2nd period - Deflect By Daniel Sedin.
18:38 of 2nd period - Goal by Daniel Sedin - Penguins : 2 - Sabres : 0.
18:39 of 2nd period - Mike Richards wins face-off versus Blair Betts in neutral zone.
19:32 of 2nd period - Henrik Sedin is hit by Ryan Kesler and loses puck.
19:45 of 2nd period - Shot by Pavel Datsyuk.
19:45 of 2nd period - Shot Misses the Net.

Period #3

0:01 of 3rd period - Teemu Selanne wins face-off versus Brad Richards in neutral zone.
0:01 of 3rd period - Tuomo Ruutu is hit by Jason Pominville and loses puck.
0:30 of 3rd period - Shot by Brad Richards.
0:30 of 3rd period - Stopped by Evgeni Nabokov without a rebound.
0:31 of 3rd period - Henrik Sedin wins face-off versus Mike Richards in Sabres zone.
1:02 of 3rd period - Icing by Tyler Myers.
1:03 of 3rd period - Mike Richards wins face-off versus Blair Betts in Sabres zone.
1:03 of 3rd period - Mike Richards is hit by Blair Betts.
1:21 of 3rd period - Minor Penalty to T.J. Galiardi for Interference.
1:22 of 3rd period - Teemu Selanne wins face-off versus Scott Gomez in Penguins zone.
1:34 of 3rd period - Ryan Kesler and Stephane Robidas fight to a draw.
1:34 of 3rd period - Penalty to Ryan Kesler for Fighting.
1:34 of 3rd period - Penalty to Stephane Robidas for Fighting.
1:35 of 3rd period - Tuomo Ruutu wins face-off versus Pavel Datsyuk in Penguins zone.
1:36 of 3rd period - Shot by Teemu Selanne.
1:36 of 3rd period - Goal by Teemu Selanne - Penguins : 2 - Sabres : 1.
1:37 of 3rd period - Henrik Sedin wins face-off versus James Neal in neutral zone.
1:43 of 3rd period - Icing by Dan Girardi.
1:44 of 3rd period - Henrik Sedin wins face-off versus Teemu Selanne in Penguins zone.
3:01 of 3rd period - Shot by Daniel Sedin.
3:01 of 3rd period - Stopped by Evgeni Nabokov with a rebound.
3:03 of 3rd period - Shot by Brooks Orpik.
3:03 of 3rd period - Shot Misses the Net.
3:05 of 3rd period - Shot by Brad Richards.
3:05 of 3rd period - Shot Misses the Net.
3:07 of 3rd period - Shot by Jason Pominville.
3:07 of 3rd period - Shot Blocked by Tyler Myers.
3:09 of 3rd period - Shot by Daniel Sedin.
3:09 of 3rd period - Stopped by Evgeni Nabokov with a rebound.
3:11 of 3rd period - Shot by Nicklas Lidstrom.
3:11 of 3rd period - Shot Blocked by Tyler Myers.
3:13 of 3rd period - Shot by Daniel Sedin.
3:13 of 3rd period - Stopped by Evgeni Nabokov with a rebound.
3:15 of 3rd period - Shot by Daniel Sedin.
3:15 of 3rd period - Shot Misses the Net.
3:39 of 3rd period - Shot by Teemu Selanne.
3:39 of 3rd period - Shot Misses the Net.
3:41 of 3rd period - Shot by Chris Phillips.
3:41 of 3rd period - Stopped by Marc-Andre Fleury without a rebound.
3:42 of 3rd period - Mike Richards wins face-off versus Scott Gomez in Penguins zone.
4:00 of 3rd period - Shot by James Neal.
4:00 of 3rd period - Shot Blocked by Brooks Orpik.
7:03 of 3rd period - Shot by Brian Gionta.
7:03 of 3rd period - Shot Misses the Net.
7:07 of 3rd period - Shot by Chris Phillips.
7:07 of 3rd period - Shot Misses the Net.
7:09 of 3rd period - Shot by Tyler Myers.
7:09 of 3rd period - Shot Misses the Net.
7:18 of 3rd period - Icing by Blair Betts.
7:19 of 3rd period - Blair Betts wins face-off versus Ryan Kesler in Penguins zone.
7:31 of 3rd period - Icing by Chris Phillips.
7:32 of 3rd period - Ryan Kesler wins face-off versus Brad Richards in Sabres zone.
7:39 of 3rd period - Icing by Jason Pominville.
7:40 of 3rd period - Brad Richards wins face-off versus David Legwand in Penguins zone.
7:40 of 3rd period - Brad Richards is hit by Johan Franzen.
8:01 of 3rd period - Minor Penalty to Stephane Robidas for Holding.
8:02 of 3rd period - Scott Gomez wins face-off versus Ryan Kesler in Penguins zone.
8:02 of 3rd period - Scott Gomez is hit by James Neal.
8:12 of 3rd period - Shot by Ryan Kesler.
8:12 of 3rd period - Deflect By Teemu Selanne.
8:12 of 3rd period - Stopped by Marc-Andre Fleury with a rebound.
8:16 of 3rd period - Shot by Teemu Selanne.
8:16 of 3rd period - Stopped by Marc-Andre Fleury without a rebound.
8:17 of 3rd period - Pavel Datsyuk wins face-off versus Mike Richards in Penguins zone.
8:32 of 3rd period - Shot by Brian Gionta.
8:32 of 3rd period - Shot Misses the Net.
8:34 of 3rd period - Shot by Jeff Schultz.
8:34 of 3rd period - Shot Blocked by Brooks Orpik.
8:38 of 3rd period - Shot by Tuomo Ruutu.
8:38 of 3rd period - Shot Blocked by Brooks Orpik.
8:40 of 3rd period - Shot by Jeff Schultz.
8:40 of 3rd period - Stopped by Marc-Andre Fleury without a rebound.
8:41 of 3rd period - Pavel Datsyuk wins face-off versus Teemu Selanne in Penguins zone.
8:41 of 3rd period - Pavel Datsyuk is hit by James Neal.
9:09 of 3rd period - Shot by James Neal.
9:09 of 3rd period - Stopped by Marc-Andre Fleury without a rebound.
9:10 of 3rd period - Brian Gionta wins face-off versus Scott Gomez in Penguins zone.
9:11 of 3rd period - Shot by Mike Richards.
9:11 of 3rd period - Stopped by Marc-Andre Fleury without a rebound.
9:12 of 3rd period - Tuomo Ruutu wins face-off versus Scott Gomez in Penguins zone.
9:17 of 3rd period - Shot by Jeff Schultz.
9:17 of 3rd period - Stopped by Marc-Andre Fleury without a rebound.
9:18 of 3rd period - Scott Gomez wins face-off versus Mike Richards in Penguins zone.
9:31 of 3rd period - Shot by Brian Gionta.
9:31 of 3rd period - Shot Misses the Net.
9:33 of 3rd period - Shot by Trevor Daley.
9:33 of 3rd period - Stopped by Marc-Andre Fleury with a rebound.
9:37 of 3rd period - Shot by Jeff Schultz.
9:37 of 3rd period - Stopped by Marc-Andre Fleury without a rebound.
9:38 of 3rd period - Pavel Datsyuk wins face-off versus Ryan Kesler in Penguins zone.
9:38 of 3rd period - Nicklas Lidstrom is hit by James Neal and loses puck.
10:01 of 3rd period - Shot by Teemu Selanne.
10:01 of 3rd period - Stopped by Marc-Andre Fleury without a rebound.
10:02 of 3rd period - Daniel Sedin wins face-off versus Eric Fehr in Penguins zone.
10:32 of 3rd period - Shot by Jason Pominville.
10:32 of 3rd period - Shot Misses the Net.
10:36 of 3rd period - Shot by Brad Richards.
10:36 of 3rd period - Stopped by Evgeni Nabokov with a rebound.
10:38 of 3rd period - Shot by Nicklas Lidstrom.
10:38 of 3rd period - Shot Misses the Net.
12:06 of 3rd period - Brooks Orpik is hit by Tuomo Ruutu and loses puck.
12:38 of 3rd period - Icing by Sami Salo.
12:39 of 3rd period - Scott Gomez wins face-off versus David Legwand in Penguins zone.
12:39 of 3rd period - Scott Gomez is hit by Johan Franzen.
12:45 of 3rd period - Matt Moulson is hit by Troy Brouwer and loses puck.
12:54 of 3rd period - Shot by Troy Brouwer.
12:54 of 3rd period - Shot Misses the Net.
12:56 of 3rd period - Shot by Jeff Schultz.
12:56 of 3rd period - Shot Misses the Net.
12:58 of 3rd period - Shot by Tyler Myers.
12:58 of 3rd period - Shot Blocked by Brooks Orpik.
13:00 of 3rd period - Shot by Troy Brouwer.
13:00 of 3rd period - Shot Blocked by Sami Salo.
13:06 of 3rd period - Shot by Johan Franzen.
13:06 of 3rd period - Stopped by Marc-Andre Fleury without a rebound.
13:07 of 3rd period - Ryan Kesler wins face-off versus Brad Richards in Penguins zone.
13:20 of 3rd period - Shot by Ryan Kesler.
13:20 of 3rd period - Stopped by Marc-Andre Fleury with a rebound.
13:30 of 3rd period - Shot by Stephane Robidas.
13:30 of 3rd period - Stopped by Evgeni Nabokov with a rebound.
13:34 of 3rd period - Shot by Brad Richards.
13:34 of 3rd period - Stopped by Evgeni Nabokov without a rebound.
13:35 of 3rd period - Mike Richards wins face-off versus Blair Betts in Sabres zone.
14:06 of 3rd period - Off-side.
14:07 of 3rd period - Tuomo Ruutu wins face-off versus Henrik Sedin in neutral zone.
14:13 of 3rd period - Icing by Dan Girardi.
14:14 of 3rd period - Henrik Sedin wins face-off versus Ryan Kesler in Penguins zone.
14:22 of 3rd period - Off-side.
14:23 of 3rd period - Brad Richards wins face-off versus David Legwand in neutral zone.
14:44 of 3rd period - Shot by Daniel Sedin.
14:44 of 3rd period - Stopped by Evgeni Nabokov with a rebound.
14:48 of 3rd period - Shot by Daniel Sedin.
14:48 of 3rd period - Deflect By Brad Richards.
14:48 of 3rd period - Stopped by Evgeni Nabokov with a rebound.
14:49 of 3rd period - Minor Penalty to Luke Schenn for Roughing.
14:50 of 3rd period - Henrik Sedin wins face-off versus Mike Richards in Sabres zone.
14:55 of 3rd period - Shot by Henrik Sedin.
14:55 of 3rd period - Stopped by Evgeni Nabokov without a rebound.
14:56 of 3rd period - Henrik Sedin wins face-off versus Mike Richards in Sabres zone.
15:00 of 3rd period - Henrik Sedin is hit by Kyle Quincey and loses puck.
16:36 of 3rd period - Ryan Kesler is hit by Bobby Ryan.
17:38 of 3rd period - Shot by Henrik Sedin.
17:38 of 3rd period - Stopped by Evgeni Nabokov without a rebound.
17:39 of 3rd period - Henrik Sedin wins face-off versus James Neal in Sabres zone.
17:42 of 3rd period - Shot by Bobby Ryan.
17:42 of 3rd period - Stopped by Evgeni Nabokov without a rebound.
17:43 of 3rd period - Mike Richards wins face-off versus Brad Richards in Sabres zone.
18:23 of 3rd period - Off-side.
18:24 of 3rd period - Henrik Sedin wins face-off versus Ryan Kesler in neutral zone.
18:41 of 3rd period - Shot by Ryan Kesler.
18:41 of 3rd period - Stopped by Marc-Andre Fleury without a rebound.
18:42 of 3rd period - Henrik Sedin wins face-off versus Ryan Kesler in Penguins zone.
19:01 of 3rd period - Sabres, Evgeni Nabokov is pulled from the net.
19:36 of 3rd period - Shot by Daniel Sedin.
19:36 of 3rd period - Goal by Daniel Sedin - Penguins : 3 - Sabres : 1.
19:36 of 3rd period - Evgeni Nabokov from Sabres was sent back in the game.
19:37 of 3rd period - Daniel Winnik wins face-off versus Ryan Kesler in neutral zone.
19:44 of 3rd period - Shot by Chris Phillips.
19:44 of 3rd period - Shot Misses the Net.


Output by the SimonT Hockey Simulator (STHS) for Stephane Roy -- Original Page W3C XHTML 1.0 Valid